 Dungeon Sprint DCSS version 0.19.1-1-g22dce08 (webtiles) character file.

623 Angani the Warrior (level 7, -1/88 HPs)
             Began as an Ogre Hunter on Jan 19, 2017.
             Was an Initiate of Hepliaklqana.
             Slain by Sonja
             ... wielding a +0 short sword of distortion
              (4 damage)
             ... in the Dungeon (Sprint I: "Red Sonja").
             The game lasted 00:02:17 (745 turns).

Angani the Warrior (Ogre Hunter)                     Turns: 745, Time: 00:02:18

Health: -1/88      AC:  3    Str: 20    XL:     7   Next: 47%
Magic:  7/7        EV: 10    Int: 10    God:    Hepliaklqana [......]
Gold:   412        SH:  0    Dex: 10    Spells: 0 memorised, 6 levels left

rFire  . . .     SeeInvis .     l - -1 giant spiked club (curse)
rCold  . . .     Gourm    .     b - +0 robe
rNeg   . . .     Faith    .     (shield currently unavailable)
rPois  .         Spirit   .     (helmet restricted)
rElec  .         Reflect  .     (no cloak)
rCorr  .         Harm     .     (gloves unavailable)
MR     .....     NoTele   +     (boots unavailable)
Stlth  +.........               (no amulet)
                                (no ring)
                                (no ring)

@: slowed, very slow
A: unfitting armour, reduced essence, tough skin 1
a: Recall Ancestor, Ancestor Identity, Renounce Religion


You were in the Dungeon.
You worshipped Hepliaklqana.
Hepliaklqana was noncommittal.
You were not hungry.

You visited 1 branch You collected 412 gold pieces.

Inventory:

Hand Weapons
 l - a cursed -1 giant spiked club (weapon)
Missiles
 c - 5 large rocks (quivered)
 d - 2 throwing nets
Armour
 b - a +0 robe (worn)
Scrolls
 k - a scroll of blinking
 m - a scroll of amnesia {unknown}
Potions
 h - a potion of haste
 i - 3 potions of magic
 j - a potion of berserk rage
Comestibles
 f - a bread ration


   Skills:
 - Level 15.3 Fighting
 + Level 12.2 Maces & Flails
 - Level 4.0 Throwing
 - Level 1.7 Dodging
 - Level 0.6 Stealth


You had 6 spell levels left.
You didn't know any spells.

Dungeon Overview and Level Annotations

Branches:
Dungeon (1/1)

Altars:
Cheibriados
Dithmenos
Elyvilon
Fedhas
Gozag
Hepliaklqana
Kikubaaqudgha
Makhleb
Nemelex Xobeh
Okawaru
Qazlal
Ru
Sif Muna
Trog
Uskayaw
Vehumet
Xom
Yredelemnul
Zin
The Shining One
Jiyva
Lugonu

Shops:
D [

Annotations:
D Sonja


Innate Abilities, Weirdness & Mutations

You are too large for most types of armour.
You have tough skin. (AC +1)
Your life essence is reduced. (-10% HP)


Message History

Sonja hits you but does no damage. Space warps horribly around you!
* * * LOW HITPOINT WARNING * * *
Sonja hits you with an uncursed short sword of distortion!
* * * LOW HITPOINT WARNING * * *
Space bends around you.
* * * LOW HITPOINT WARNING * * *
Sonja hits you with an uncursed short sword of distortion.
* * * LOW HITPOINT WARNING * * *
Sonja hits you with an uncursed short sword of distortion.
* * * LOW HITPOINT WARNING * * *
You feel a strange sense of stasis.
Sonja hits you with an uncursed short sword of distortion.
* * * LOW HITPOINT WARNING * * *
You feel a strange sense of stasis. Sonja hits you but does no damage. x2
You feel a strange sense of stasis. Sonja barely misses you.
You feel better.
Sonja hits you with an uncursed short sword of distortion.
* * * LOW HITPOINT WARNING * * *
Space bends around you.
You die...

######################
#<.#..)..#..'..#__#..+
#..[..#..').#..'..'..#
#..#####'#####'#__####
#..####..#...#.####
#..#__####..##.#
#..#_____##(#..+
#⌠⌠#_.∩...'(@._#
####_..__##_K#'#
#_____###'#.# #######
#.### $.$ $.$# ##.##
#+#


You could see Sonja.

Vanquished Creatures
  A slime creature (D)
  Sigmund (D)
  A yak (D)
  An ogre (D)
  A jelly (D)
  Ijyb (D)
6 creatures vanquished.

Vanquished Creatures (others)
  A hornet (D)
1 creature vanquished.

Grand Total: 7 creatures vanquished

Notes
Turn   | Place    | Note
-------+----------+-------------------------------------------
     0 | D        | Angani the Ogre Hunter began the quest for the Orb.
     0 | D        | Reached XP level 1. HP: 22/22 MP: 1/1
     2 | D        | Noticed Ijyb
     5 | D        | Killed Ijyb
     5 | D        | Reached skill level 8 in Fighting
     5 | D        | Reached XP level 2. HP: 41/41 MP: 2/2
     5 | D        | Reached XP level 3. HP: 48/48 MP: 3/3
    12 | D        | Noticed an ogre
    14 | D        | Killed an ogre
    14 | D        | Reached skill level 11 in Fighting
    14 | D        | Reached XP level 4. HP: 26/66 MP: 4/4
   213 | D        | Noticed Sigmund
   216 | D        | Killed Sigmund
   216 | D        | Reached skill level 15 in Fighting
   216 | D        | Reached XP level 5. HP: 78/81 MP: 5/5
   216 | D        | Reached XP level 6. HP: 87/91 MP: 6/6
   239 | D        | Found a deep blue altar of Sif Muna.
   241 | D        | Found a radiant altar of Vehumet.
   267 | D        | Found Vagh's Armour Emporium.
   267 | D        | Found an ancient bone altar of Kikubaaqudgha.
   267 | D        | Found a hazy altar of Hepliaklqana.
   267 | D        | Found a stormy altar of Qazlal.
   267 | D        | Found a hide-covered altar of Uskayaw.
   267 | D        | Found a blossoming altar of Fedhas.
   267 | D        | Found a bloodstained altar of Trog.
   267 | D        | Found an iron altar of Okawaru.
   267 | D        | Found a basalt altar of Yredelemnul.
   267 | D        | Found a glowing golden altar of the Shining One.
   267 | D        | Found a snail-covered altar of Cheibriados.
   267 | D        | Found a sacrificial altar of Ru.
   267 | D        | Found a glowing silver altar of Zin.
   267 | D        | Found a shadowy altar of Dithmenos.
   267 | D        | Found a white marble altar of Elyvilon.
   267 | D        | Noticed a yak
   270 | D        | Killed a yak
   270 | D        | Reached XP level 7. HP: 51/98 MP: 7/7
   271 | D        | Found an opulent altar of Gozag.
   447 | D        | Found a sparkling altar of Nemelex Xobeh.
   454 | D        | Became a worshipper of Hepliaklqana the Forgotten
   481 | D        | Found a burning altar of Makhleb.
   481 | D        | Found a viscous altar of Jiyva.
   481 | D        | Found a shimmering altar of Xom.
   481 | D        | Found a corrupted altar of Lugonu.
   481 | D        | Noticed a slime creature
   486 | D        | Killed a slime creature
   561 | D        | Killed a hornet
   735 | D        | Noticed Sonja
   744 | D        | HP: 3/88 [Sonja/uncursed short sword of distortion (6)]
   744 | D        | HP: 1/88 [Sonja/uncursed short sword of distortion (2)]
   745 | D        | Slain by Sonja

Skill      XL: |  1  2  3  4  5  6  7 |
---------------+----------------------+-----
Fighting       | 8 11 15 | 15.3
Maces & Flails | 9 12 | 12.2
Throwing       | |  4.0
Dodging        | |  1.7
Stealth        | |  0.6

Action                   |  1- 3 |  4- 6 |  7- 9 || total
-------------------------+-------+-------+-------++-------
Melee: Giant spiked club |       |     4 |     5 ||     9
Throw: Large rock        |     5 |     3 |       ||     8
  Use: Potion            |       |       |     2 ||     2
 Stab: Sleeping          |       |     1 |       ||     1
Armor: Robe              |       |       |     1 ||     1
Dodge: Dodged            |     2 |     1 |     8 ||    11
